 Dungeon Crawl Stone Soup version 0.21.1-1-g345015f (webtiles) character file.

144 inmateoo the Skirmisher (level 5, -2/43 HPs)
             Began as a Barachi Fighter on Mar 22, 2018.
             Slain by a centaur (6 damage)
             ... on level 3 of the Dungeon.
             The game lasted 00:02:33 (1417 turns).

inmateoo the Skirmisher (Barachi Fighter)           Turns: 1417, Time: 00:02:34

Health: -2/43      AC:  7    Str: 18    XL:     5   Next: 26%
Magic:  5/5        EV:  7    Int:  9    God:
Gold:   110        SH:  9    Dex: 11    Spells: 4/4 levels left

rFire    . . .     SeeInvis .   a - +0 long sword
rCold    . . .     Gourm    .   c - +0 shield
rNeg     + . .     Faith    .   b - +0 scale mail
rPois    .         Spirit   .   (no helmet)
rElec    .         Reflect  .   (no cloak)
rCorr    .         Harm     .   (no gloves)
MR       .....                  (no boots)
Stlth    ..........             (no amulet)
HPRegen  0.14/turn              p - ring of positive energy
MPRegen  0.09/turn              (no ring)

@: slow
A: +LOS, swims, slowness 1, strong legs 1
a: Hop


You were on level 3 of the Dungeon.
You were not hungry.

You visited 1 branch of the dungeon, and saw 3 of its levels.

You collected 110 gold pieces.

Inventory:

Hand Weapons
 a - a +0 long sword (weapon)
Armour
 b - a +0 scale mail (worn)
 c - a +0 shield (worn)
Jewellery
 p - a ring of positive energy (left hand)
Wands
 o - a wand of polymorph (6)
 r - a wand of random effects (9)
Scrolls
 g - 5 scrolls of identify {unknown}
 h - a scroll of fear {unknown}
 i - a scroll of noise {unknown}
 j - 3 scrolls of remove curse {unknown}
 l - a scroll of blinking {unknown}
 s - a scroll of teleportation {unknown}
 t - a scroll of fog {unknown}
 u - a scroll of immolation {unknown}
Potions
 d - a potion of might
 e - a potion of flight {unknown}
 k - 2 potions of ambrosia {unknown}
 m - a potion of invisibility {unknown}
 n - 2 potions of agility {unknown}
 q - a potion of brilliance {unknown}
Comestibles
 f - 3 rations


   Skills:
 + Level 4.4 Fighting
 * Level 4.4 Long Blades
 + Level 4.4 Armour
 + Level 4.0 Shields


You had 4 spell levels left.
You didn't know any spells.

Dungeon Overview and Level Annotations

Branches:
Dungeon (3/15)

Altars:


Innate Abilities, Weirdness & Mutations

Shadows flee at your approach. (+LOS)
You can swim through water.
You cover ground slowly.
You can hop short distances.


Message History

Unknown command.
You hit the goblin.
The goblin is moderately wounded.
You feel sick.
You are no longer poisoned.
The centaur hits you but does no damage.
The goblin barely misses you.
You riposte.
You barely miss the goblin.
The goblin is moderately wounded.
The centaur hits you.
* * * LOW HITPOINT WARNING * * *
Unknown command.
Unknown command.
You hit the centaur but do no damage.
The centaur is lightly wounded.
The centaur hits you.
* * * LOW HITPOINT WARNING * * *
The goblin barely misses you.
You riposte.
You barely miss the goblin.
The goblin is moderately wounded.
The centaur hits you.
You die...

#
#...#.#.#######.##.#...#...
#
#####.#....................
. ....................>. ##
.....(...............r
......................
<.....#######(#[.....
#...................
#.#....g.....###.#.#
#.#...@c.......#
#.######..##.# .. ........
.. #...#.### . #...# #
#...# #.... .....


You could see a centaur and a goblin.

Vanquished Creatures
  Terence (D:2)
  Natasha (twice) (D:2)
  3 adders
  3 dart slugs
  A leopard gecko (D:1)
  3 giant cockroaches
  2 goblins
  5 hobgoblins
  4 jackals (D:1)
  3 bats
  3 frilled lizards
  3 kobolds
  7 rats
40 creatures vanquished.

Notes
Turn   | Place    | Note
-------+----------+-------------------------------------------
     0 | D:1      | inmateoo the Barachi Fighter began the quest for the Orb.
     0 | D:1      | Reached XP level 1. HP: 18/18 MP: 1/1
    19 | D:1      | Reached XP level 2. HP: 24/25 MP: 2/2
   232 | D:1      | Reached XP level 3. HP: 30/30 MP: 3/3
   653 | D:2      | Noticed Terence
   666 | D:2      | Killed Terence
   666 | D:2      | Reached XP level 4. HP: 37/37 MP: 4/4
   878 | D:2      | Noticed Natasha
  1018 | D:2      | Killed Natasha
  1077 | D:2      | Noticed Natasha
  1094 | D:2      | Killed Natasha
  1094 | D:2      | Reached XP level 5. HP: 15/43 MP: 5/5
  1408 | D:3      | Noticed a centaur
  1417 | D:3      | Slain by a centaur

Skill      XL: |  1  2  3  4 |
---------------+-------------+-----
Long Blades    | 3 4 |  4.4
Fighting       | 4 |  4.4
Armour         | 4 |  4.4
Shields        | 4 |  4.0

Action                   |  1- 3 |  4- 6 || total
-------------------------+-------+-------++-------
Melee: Long sword        |    83 |    59 ||   142
       Unarmed           |     2 |       ||     2
  Eat: Chunk             |       |     2 ||     2
Armor: Scale mail        |    42 |    26 ||    68
Dodge: Dodged            |    28 |    16 ||    44
Block: Shield            |    49 |    26 ||    75
       Rpst.: Long sword |     9 |     4 ||    13
